 Dungeon Crawl Stone Soup version 0.19-a0-599-g723c685 (webtiles) character file.

8159 mopl the Grappler (level 11, -3/99 HPs)
             Began as a Naga Transmuter on June 11, 2016.
             Was a High Priest of Cheibriados.
             Slain by a white ugly thing (33 damage)
             ... on level 11 of the Dungeon.
             The game lasted 00:21:12 (10596 turns).

mopl the Grappler (Naga Transmuter)                Turns: 10596, Time: 00:21:12

Health: -3/99      AC:  2    Str: 26    XL:     11   Next: 26%
Magic:  13/15      EV: 28    Int: 26    God:    Cheibriados [*****.]
Gold:   387        SH:  0    Dex: 30    Spells: 6 memorised, 2 levels left

rFire  . . .     SeeInvis +       - Unarmed
rCold  . . .     Gourm    .     (armour currently unavailable)
rNeg   . . .     Faith    +     (shield currently unavailable)
rPois  .         Spirit   .     (helmet currently unavailable)
rElec  .         Dismiss  .     (cloak currently unavailable)
rCorr  .         Reflect  .     (gloves currently unavailable)
SustAt .         Harm     .     (no barding)
MR     +....                    v - amulet of faith {!P}
Stlth  ++........               (no ring)
                                F - ring of poison resistance

@: spider-form (expiring), repel missiles, very slow, somewhat resistant to
hostile enchantments, unstealthy
A: see invisible, (deformed body), (poison resistance), (slowness 0), slow
metabolism 1, spit poison 2, AC +3
a: Spit Poison, End Transformation, Bend Time, Temporal Distortion, Slouch, Step
From Time, Renounce Religion


You were on level 11 of the Dungeon.
You worshipped Cheibriados.
Cheibriados was extremely pleased with you.
You were not hungry.
You were a venomous arachnid creature.
You visited 2 branches of the dungeon, and saw 12 of its levels.

You collected 601 gold pieces.
You spent 214 gold pieces at shops.

Inventory:

Hand Weapons
 b - a +1 blowgun
 j - a +0 spear of piercing
Missiles
 a - 200 arrows
 i - a throwing net
 u - 67 poisoned needles
 w - 3 tomahawks (quivered)
 E - 3 tomahawks of returning
Armour
 k - a +1 naga barding (melded)
 m - a +0 pair of gloves (melded)
 q - a +0 helmet (melded)
 K - a +2 robe of magic resistance
 S - a +1 cloak of magic resistance (melded)
 U - a +0 robe of fire resistance (melded)
Jewellery
 v - an amulet of faith (around neck) {!P}
 F - a ring of poison resistance (left front leg)
Wands
 f - a wand of confusion (27/48)
 y - a wand of confusion (18/48)
 G - a wand of lightning (7/15)
 M - a wand of iceblast (7/15)
 T - a wand of confusion (25/48)
 V - a wand of flame (13/48)
Scrolls
 e - a scroll of noise
 o - 4 scrolls of teleportation
 p - 2 scrolls of recharging {unknown}
 t - 2 scrolls of amnesia {unknown}
 C - 2 scrolls of remove curse
 J - a scroll of vulnerability {unknown}
 L - 4 scrolls of fog {unknown}
 O - a scroll of immolation {unknown}
 P - a scroll of blinking {unknown}
 R - a scroll of acquirement {unknown}
 X - a scroll of brand weapon {unknown}
Potions
 l - 3 potions of flight
 r - a potion of lignification {!q}
 s - 2 potions of agility
 x - 2 potions of curing
 A - a potion of brilliance
 D - a potion of might
 H - 2 potions of resistance
 N - a potion of heal wounds
Books
 c - a book of Changes

   Spells                             Type                      Level
   a - Beastly Appendage              Transmutation                1
   b - Sticks to Snakes               Transmutation                2
   c - Spider Form                    Transmutation/Poison         3
   d - Ice Form                       Ice/Transmutation            4
   e - Blade Hands                    Transmutation                5
 h - a book of Spatial Translocations

   Spells                             Type                      Level
   a - Apportation                    Translocation                1
   b - Blink                          Translocation                2
   c - Shroud of Golubria             Charms/Translocation         2
   d - Portal Projectile              Translocation                3
   e - Teleport Other                 Translocation                3
   f - Passage of Golubria            Translocation                4
 B - a book of Spatial Translocations

   Spells                             Type                      Level
   a - Apportation                    Translocation                1
   b - Blink                          Translocation                2
   c - Shroud of Golubria             Charms/Translocation         2
   d - Portal Projectile              Translocation                3
   e - Teleport Other                 Translocation                3
   f - Passage of Golubria            Translocation                4
 I - a book of Annihilations

   Spells                             Type                      Level
   a - Poison Arrow                   Conjuration/Poison           6
   b - Chain Lightning                Conjuration/Air              8
   c - Lehudib's Crystal Spear        Conjuration/Earth            8
   d - Glaciate                       Conjuration/Ice              9
   e - Fire Storm                     Conjuration/Fire             9
 Q - a book of Air

   Spells                             Type                      Level
   a - Shock                          Conjuration/Air              1
   b - Swiftness                      Charms/Air                   2
   c - Repel Missiles                 Charms/Air                   2
   d - Static Discharge               Conjuration/Air              3
   e - Lightning Bolt                 Conjuration/Air              5
 Y - a book of Burglary

   Spells                             Type                      Level
   a - Swiftness                      Charms/Air                   2
   b - Passwall                       Transmutation/Earth          2
   c - Passage of Golubria            Translocation                4
   d - Lee's Rapid Deconstruction     Earth                        5
   e - Darkness                       Hexes                        6
   f - Invisibility                   Hexes                        6
Comestibles
 d - 6 bread rations
 g - 4 meat rations
 n - 3 slices of pizza
 z - 2 beef jerkies
 W - a chunk of flesh


   Skills:
 + Level 6.9 Fighting
 + Level 6.2 Dodging
 * Level 11.1 Unarmed Combat
 + Level 3.2 Spellcasting
 - Level 3.0 Translocations
 + Level 5.3 Transmutations
 - Level 2.0 Poison Magic
 + Level 6.0 Invocations


You had 2 spell levels left.
You knew the following spells:

 Your Spells              Type           Power        Failure   Level  Hunger
a - Beastly Appendage     Tmut           ####..       4%          1    None
b - Spider Form           Tmut/Pois      ###.......   24%         3    ###....
d - Ice Form              Ice/Tmut       ###.....     61%         4    ####...
e - Blink                 Tloc           N/A          14%         2    #......
i - Repel Missiles        Chrm/Air       #.....       36%         2    #......
w - Sticks to Snakes      Tmut           ####....     6%          2    #......


Dungeon Overview and Level Annotations

Branches:
Dungeon (11/15)            Temple (1/1) D:6            Lair (0/6) D:11
    Orc (0/2) D:11

Altars:
Ashenzari
Cheibriados
Dithmenos
Elyvilon
Fedhas
Gozag
Hepliaklqana
Kikubaaqudgha
Makhleb
Nemelex Xobeh
Okawaru
Pakellas
Qazlal
Ru
Sif Muna
Trog
Uskayaw
Vehumet
Xom
Yredelemnul
Zin
The Shining One
Beogh

Shops:
D:11 [


Innate Abilities, Weirdness & Mutations

You cannot wear boots.
((Your serpentine skin is tough. (AC +3)))
You have supernaturally acute eyesight. (SInv)
((Armour fits poorly on your strangely shaped body.))
((Your system is resistant to poisons. (rPois)))
((You cover ground very slowly.))
You have a slow metabolism.
You can spit poison.


Message History

Your +0 robe of fire resistance melds into your body.
You feel less resistant to hostile enchantments.
You feel less resistant to fire.
Unknown command.
You barely miss the white ugly thing. The white ugly thing pecks you!
The white ugly thing freezes you!!
You are too injured to fight recklessly!
You hit the white ugly thing.
The white ugly thing is poisoned.
The white ugly thing is lightly wounded.
You bite the white ugly thing!
The white ugly thing looks even sicker.
The white ugly thing is moderately wounded.
The white ugly thing closely misses you.
You hit the white ugly thing but do no damage.
The white ugly thing is moderately wounded.
Your transformation is almost over.
The white ugly thing closely misses you.
You completely miss the white ugly thing.
The white ugly thing is moderately wounded.
The white ugly thing pecks you! The white ugly thing freezes you!!
You die...

...........# #.# #...........##[
.........#.########....รท......##.
...........8#.....#...........##.
............#)....#..............
.........>..')._..#..............
............#)....#...........#..
...........8#.....#.......##..#..
##...###.##########.......##..#..
##...# #........s.........##..#..
##...# #.####...u.........##..#..
##...# #.# #.............##..#..
##...# #.# #.............##..#..
##...# #.# #.................#..
##...###.# #.................#..
.........# #>................#..
###......####.................#..
#..###......................#..


You could see a white ugly thing.

Vanquished Creatures
  Erolcha (D:11)
  Pikel (D:8)
  A cyclops (D:11)
  Maurice (D:10)
  2 trolls (D:11)
  5 yaks
  3 hippogriffs
  2 hungry ghosts
  A hell hound (D:11)
  3 ice beasts
  4 sky beasts
  2 black bears
  2 slaves (D:8)
  An orc warrior (D:7)
  5 phantoms
  2 ogres
  5 centaurs
  A big kobold (D:10)
  Blork the orc (D:5)
  2 giant frogs
  4 scorpions
  A water moccasin skeleton (D:8)
  6 killer bees (D:10)
  3 wights (D:9)
  6 crimson imps
  2 giant frog zombies
  A quasit (D:6)
  7 orc wizards
  A giant frog skeleton (D:8)
  A centaur skeleton (D:4)
  A gnoll shaman (D:8)
  4 hounds
  3 jellies
  6 orc priests
  An iguana (D:5)
  11 worker ants
  A killer bee zombie (D:6)
  A hound skeleton (D:8)
  A worker ant zombie (D:6)
  7 adders
  4 gnolls (D:8)
  A howler monkey skeleton (D:4)
  4 shadow imps
  An ooze (D:6)
  2 adder skeletons
  6 worms
  A dart slug (D:2)
  9 giant geckos
  32 orcs
  4 ball pythons
  5 giant cockroaches
  15 goblins
  7 hobgoblins
  13 jackals (D:3)
  14 kobolds
  4 quokkas
  A ball python skeleton (D:5)
  7 bats
  6 giant newts
  4 rats
253 creatures vanquished.

Vanquished Creatures (others)
  A giant cockroach (D:8)
  A quokka (D:8)
2 creatures vanquished.

Grand Total: 255 creatures vanquished

Notes
Turn   | Place    | Note
--------------------------------------------------------------
     0 | D:1      | mopl the Naga Transmuter began the quest for the Orb.
     0 | D:1      | Reached XP level 1. HP: 18/18 MP: 3/3
   202 | D:1      | Reached XP level 2. HP: 18/25 MP: 5/5
   282 | D:1      | Learned a level 2 spell: Sticks to Snakes
   744 | D:2      | Found a faded altar of an unknown god.
   750 | D:2      | Reached XP level 3. HP: 31/31 MP: 6/6
   753 | D:2      | Became a worshipper of Ru the Awakened
   756 | D:2      | Fell from the grace of Ru
   849 | D:2      | Learned a level 3 spell: Spider Form
  1105 | D:2      | Found a stormy altar of Qazlal.
  1173 | D:2      | Reached skill level 3 in Transmutations
  1218 | D:2      | Found a bloodstained altar of Trog.
  1231 | D:2      | Reached skill level 4 in Unarmed Combat
  1245 | D:2      | Reached XP level 4. HP: 29/38 MP: 7/7
  1297 | D:3      | Reached skill level 1 in Poison Magic
  1769 | D:3      | Reached XP level 5. HP: 40/44 MP: 4/8
  1771 | D:3      | Reached skill level 2 in Poison Magic
  2178 | D:3      | Reached skill level 5 in Unarmed Combat
  2808 | D:4      | Found a hazy altar of Hepliaklqana.
  2834 | D:4      | Reached XP level 6. HP: 37/51 MP: 9/9
  2905 | D:4      | Found a sacrificial altar of Ru.
  2960 | D:4      | Found an iron altar of Okawaru.
  3357 | D:4      | Reached skill level 2 in Fighting
  3357 | D:4      | Reached skill level 2 in Dodging
  3838 | D:5      | Entered Level 5 of the Dungeon
  3864 | D:5      | Found a deep blue altar of Sif Muna.
  3887 | D:5      | Reached skill level 6 in Unarmed Combat
  3887 | D:5      | Reached XP level 7. HP: 45/60 MP: 7/10
  3944 | D:5      | Found a shadowy altar of Dithmenos.
  3967 | D:5      | Learned a level 2 spell: Blink
  3992 | D:5      | Got a crude spear
  3993 | D:5      | Identified the cursed +1 spear of Riuteyrgh {elec, *Rage +Fly rPois rC++} (You found it on level 5 of the Dungeon)
  4234 | D:5      | Found a basalt altar of Yredelemnul.
  4272 | D:5      | Noticed Blork the orc
  4290 | D:5      | Killed Blork the orc
  4645 | D:5      | Reached skill level 3 in Fighting
  4675 | D:5      | Reached skill level 3 in Dodging
  4675 | D:5      | Reached skill level 7 in Unarmed Combat
  4840 | D:5      | Found a shadowy altar of Dithmenos.
  4986 | D:5      | Reached XP level 8. HP: 69/69 MP: 11/11
  5018 | D:5      | Found a sacrificial altar of Ru.
  5093 | D:5      | Found a burning altar of Makhleb.
  5231 | D:6      | Found a staircase to the Ecumenical Temple.
  5246 | Temple   | Entered the Ecumenical Temple
  5333 | Temple   | Became a worshipper of Cheibriados the Contemplative
  5457 | D:6      | Found a stormy altar of Qazlal.
  5458 | D:6      | Noticed an air elemental
  5458 | D:6      | Noticed a water elemental
  5762 | D:6      | Reached * piety under Cheibriados
  5801 | D:6      | Reached skill level 4 in Fighting
  5953 | D:6      | Reached skill level 8 in Unarmed Combat
  5966 | D:6      | Found a glowing golden altar of the Shining One.
  6187 | D:7      | You fall through a shaft for 2 floors!
  6205 | D:9      | Reached skill level 4 in Dodging
  6529 | D:8      | Reached ** piety under Cheibriados
  6565 | D:8      | Noticed Pikel
  6580 | D:8      | Killed Pikel
  6580 | D:8      | Reached skill level 1 in Invocations
  6580 | D:8      | Reached XP level 9. HP: 53/80 MP: 9/12
  6589 | D:8      | Reached skill level 9 in Unarmed Combat
  6589 | D:8      | Reached skill level 2 in Invocations
  6722 | D:8      | Reached skill level 5 in Fighting
  7174 | D:7      | Reached skill level 1 in Translocations
  7457 | D:8      | Reached skill level 3 in Invocations
  7593 | D:8      | Learned a level 4 spell: Ice Form
  7638 | D:8      | Reached *** piety under Cheibriados
  7667 | D:8      | Reached skill level 2 in Translocations
  7726 | D:8      | Found a shattered altar of Ashenzari.
  7727 | D:8      | Found an ancient bone altar of Kikubaaqudgha.
  7777 | D:8      | Reached skill level 5 in Dodging
  8241 | D:9      | Reached XP level 10. HP: 91/91 MP: 9/13
  8318 | D:9      | Reached skill level 4 in Invocations
  8363 | D:9      | Reached skill level 10 in Unarmed Combat
  8363 | D:9      | Reached skill level 3 in Translocations
  8678 | D:9      | Reached **** piety under Cheibriados
  8845 | D:9      | Found an opulent altar of Gozag.
  8906 | D:9      | Reached skill level 6 in Fighting
  9071 | D:10     | Entered Level 10 of the Dungeon
  9174 | D:10     | Reached skill level 4 in Transmutations
  9439 | D:10     | Noticed Maurice
  9456 | D:10     | Killed Maurice
  9456 | D:10     | Reached skill level 5 in Invocations
  9941 | D:11     | Reached ***** piety under Cheibriados
  9985 | D:11     | Noticed Erolcha
  9994 | D:11     | Reached skill level 6 in Dodging
  9994 | D:11     | Reached XP level 11. HP: 56/99 MP: 11/15
 10152 | D:11     | Killed Erolcha
 10152 | D:11     | Reached skill level 11 in Unarmed Combat
 10152 | D:11     | Reached skill level 3 in Spellcasting
 10152 | D:11     | Reached skill level 5 in Transmutations
 10180 | D:11     | Learned a level 2 spell: Repel Missiles
 10183 | D:11     | Noticed a cyclops
 10194 | D:11     | Killed a cyclops
 10198 | D:11     | Found Rant's Armour Boutique.
 10226 | D:11     | Bought a +1 cloak of magic resistance for 214 gold pieces
 10364 | D:11     | Found a staircase to the Lair.
 10371 | D:11     | Found a staircase to the Orcish Mines.
 10379 | D:11     | Found a roughly hewn altar of Beogh.
 10463 | D:11     | Reached skill level 6 in Invocations
 10588 | D:11     | Noticed a white ugly thing
 10596 | D:11     | Slain by a white ugly thing

Vault maps used:
D:1:      minmay_arrival_widening_spiral_wide
D:2:      lemuel_coloured_pillars_altar, first_bread, ecumenical_altar_1,
          kennysheep_crisscross, trog_hazing_becter
D:4:      overflow_temple_1_default, kennysheep_okawaru_gauntlet,
          nicolae_ru_sacrificial_ziggurat
D:5:      old_standard_altar, old_standard_altar, kennysheep_little_box,
          yredelemnul_altar_generic, makhleb_grotto_becter,
          nicolae_dithmenos_through_a_glass_darkly, uniq_blork_the_orc
D:6:      tso_altar, minmay_temple_entry_hall, nicolae_qazlal_style_of_elements
D:8:      gammafunk_temple_overflow_pools, uniq_pikel
D:9:      nicolae_gozag_seed_capital
D:10:     uniq_maurice
D:11:     minmay_lair_entry_lava, minmay_orc_entry_temple_small, serial_shops,
          nicolae_shop_statue_plus, uniq_erolcha
Temple:   roderic_octagonal_lattice_temple

Skill      XL: |  1  2  3  4  5  6  7  8  9 10 11 |
---------------+----------------------------------+-----
Transmutations | 3 4 5 |  5.3
Unarmed Combat | 4 5 6 7 8 9 10 11 | 11.1
Poison Magic   | 1 2 |  2.0
Fighting       | 2 3 4 5 6 |  6.9
Dodging        | 2 3 4 5 6 |  6.2
Invocations    | 1 3 5 6 |  6.0
Translocations | 2 3 |  3.0
Spellcasting   | 3 |  3.2

Action                   |  1- 3 |  4- 6 |  7- 9 | 10-12 || total
-------------------------+-------+-------+-------+-------++-------
Melee: Unarmed           |     9 |    55 |   297 |   256 ||   617
       Spear             |   102 |   247 |    55 |       ||   404
       Headbutt          |     1 |       |       |       ||     1
       Punch             |       |       |    10 |    12 ||    22
 Cast: Beastly Appendage |     1 |       |       |       ||     1
       Spider Form       |       |     7 |    21 |    13 ||    41
       Repel Missiles    |       |       |       |     1 ||     1
Invok: Renounce Religion |     1 |       |       |       ||     1
       Slouch            |       |       |       |     1 ||     1
       Temporal Distorti |       |       |       |     1 ||     1
 Abil: Spit Poison       |     7 |     2 |     1 |       ||    10
       End Transformatio |       |     1 |       |     1 ||     2
  Use: Scroll            |       |     5 |    10 |     1 ||    16
       Potion            |       |       |     1 |       ||     1
 Stab: Sleeping          |     1 |       |     2 |     2 ||     5
       Distracted        |       |     1 |       |       ||     1
  Eat: Chunk             |     1 |     6 |    15 |     7 ||    29
       Pizza             |       |     1 |       |       ||     1
       Beef jerky        |       |       |       |     1 ||     1
Armor: Robe              |    44 |   122 |   104 |    61 ||   331
       Skin              |       |     4 |     7 |     3 ||    14
Dodge: Dodged            |    51 |   149 |   196 |   216 ||   612
       Deflected         |       |       |       |     1 ||     1
